 Dungeon Crawl Stone Soup version 0.27.1-1-g398f81649c (webtiles) character file.

Game seed: 5180530141786380026

26 Descartes the Sneak (level 2, -1/16 HPs)
             Began as a Spriggan Delver on Sept 13, 2021.
             Slain by a mummy (2 damage)
             ... in an ossuary.
             The game lasted 00:02:58 (796 turns).

Descartes the Sneak (Spriggan Delver)                Turns: 796, Time: 00:02:59

Health: -1/16      AC:  2    Str:  8    XL:     2   Next: 89%
Magic:  3/3        EV: 18    Int: 11    God:
Gold:   0          SH:  0    Dex: 16    Spells: 1/1 levels left

rFire    . . .     SeeInvis +   a - +0 short sword
rCold    . . .     Faith    .   (shield restricted)
rNeg     . . .     Spirit   .   b - +0 robe
rPois    .         Reflect  .   (helmet restricted)
rElec    .         Harm     .   (no cloak)
rCorr    .         Rampage  .   (gloves unavailable)
Will     .....                  (boots unavailable)
Stlth    ++++......             (no amulet)
HPRegen  0.05/turn              (no ring)
MPRegen  0.08/turn              (no ring)

@: hasted, very quick
A: very small, no large weapons, unfitting armour, see invisible, speed 3
a: no special abilities


You were in an ossuary.
You visited 1 branch of the dungeon, and saw 1 of its levels.
You also visited: Ossuary.

Inventory:

Hand Weapons
 a - a +0 short sword (weapon)
Armour
 b - a +0 robe (worn)
Wands
 g - a wand of digging (3)
Scrolls
 c - a scroll of fog
 e - a scroll of fear


   Skills:
 - Level 2.4 Fighting
 + Level 2.8 Short Blades
 + Level 3.4 Dodging
 + Level 7.7 Stealth


You had one spell level left.
You didn't know any spells.
Your spell library was empty.

Dungeon Overview and Level Annotations

Branches:
Dungeon (5/15)            Ossuary (1/1)
 Temple: D:4-7

Altars:


Innate Abilities, Weirdness & Mutations

You are very small and have problems with some larger weapons.
You are too small for most types of armour.
You have supernaturally acute eyesight. (SInv)
You cover ground extremely quickly. (Speed+++)


Message History

The mummy is heavily damaged.
You hit the mummy but do no damage.
The mummy is heavily damaged.
The mummy closely misses you.
You barely miss the mummy.
The mummy is heavily damaged.
You hit the mummy.
The mummy is severely damaged.
You hit the mummy but do no damage.
The mummy is severely damaged.
The mummy misses you.
You hit the mummy.
The mummy is severely damaged.
You hit the mummy but do no damage.
The mummy is severely damaged.
You barely miss the mummy.
The mummy is severely damaged.
The mummy barely misses you.
You hit the mummy but do no damage.
The mummy is severely damaged.
You hit the mummy.
The mummy is severely damaged.
The mummy hits you!
Ouch! That really hurt!
* * * LOW HITPOINT WARNING * * *
You are too injured to fight recklessly!
You are too injured to fight recklessly!
You hit the mummy but do no damage.
The mummy is severely damaged.
You closely miss the mummy.
The mummy is severely damaged.
You completely miss the mummy.
The mummy is severely damaged.
The mummy completely misses you.
You hit the mummy.
The mummy is almost destroyed.
You hit the mummy.
The mummy is almost destroyed.
The mummy hits you.
You die...

####################
#...........##.#.#.#
.............#'#'#'#
....8...8..M@......#
...................#
######'#########+#'#
... #.##.# #....
##^##..#


#.ZZM ##.##...# #.... ##.##....# #.... #.##.....# .#...8 #^'......# You could
see a mummy.

Vanquished Creatures
  3 spectral bats (Ossuary)
  3 gnoll zombies (Ossuary)
  4 goblin zombies (Ossuary)
  3 hobgoblin zombies (Ossuary)
  7 kobold zombies (Ossuary)
  2 orc zombies (Ossuary)
  5 spectral goblins (Ossuary)
  A spectral kobold (Ossuary)
  2 spectral rats (Ossuary)
30 creatures vanquished.

Notes
Turn   | Place    | Note
-------+----------+-------------------------------------------
     0 | D:5      | Descartes the Spriggan Delver began the quest for the Orb.
     0 | D:5      | Reached XP level 1. HP: 11/11 MP: 2/2
     5 | D:5      | Noticed a water moccasin zombie
    28 | D:5      | Found a sand-covered staircase.
    35 | Ossuary  | Entered an ossuary
   222 | Ossuary  | Reached XP level 2. HP: 12/16 MP: 3/3
   796 | Ossuary  | Slain by a mummy

Illustrated notes

Levels and vault maps discovered:
D:5:      layout_layer_cave, grunt_qazlal_sundering,
          gammafunk_ghost_abyssal_escape, nicolae_ossuary_entry_ruins
Ossuary:  ossuary_zaba_two_paths

Skill      XL: |  1 |
---------------+----+-----
Dodging        | 3 |  3.4
Fighting       | |  2.4
Short Blades   | |  2.8
Stealth        | |  7.7

Action                   || total
-------------------------++-------
Melee: Short sword       ||   167
  Use: Scroll            ||     1
       Potion            ||     1
 Stab: Sleeping          ||    11
Armor: Robe              ||    16
Dodge: Dodged            ||   102
